New York Rangers vs Colorado Rockies
Created - Saturday, March 2, 2024 at 07:16
Goals
|
| New York Rangers |
3 |
2 |
0 |
5 |
| Colorado Rockies |
1 |
0 |
1 |
2 |
|
Shots
|
| New York Rangers |
13 |
9 |
11 |
33 |
| Colorado Rockies |
9 |
15 |
12 |
36 |
|
1st period
1. New York Rangers , Gabriel Landeskog 8 (Filip Chytil 5) at 2:07
2. Colorado Rockies , David Pastrnak 10 (Ryan O'Reilly 14) at 7:35
3. New York Rangers , Gabriel Landeskog 9 (Conor Garland 6, Mark Giordano 6) at 8:31
4. New York Rangers , Adam Larsson 1 (Mathew Barzal 9, Pierre-Luc Dubois 13) at 12:02 (PP)
Penalties :
Tim Stutzle (COL) for High sticking (Minor) at 11:18, Pierre-Luc Dubois (NYR) for Roughing (Minor) at 18:23
2nd period
5. New York Rangers , Gabriel Landeskog 10 (Cole Caufield 12, Mathew Barzal 10) at 6:07 (PP)
6. New York Rangers , David Kampf 3 (Jake McCabe 6) at 19:17
Penalties :
Evgeny Kuznetsov (COL) for Hooking (Minor) at 5:21, Gabriel Landeskog (NYR) for Tripping (Minor) at 11:20, Nikita Zadorov (COL) for Tripping (Minor) at 19:45
3rd period
7. Colorado Rockies , Tim Stutzle 7 (Victor Hedman 9, Kyle Connor 8) at 15:53
Penalties :
Nikita Zadorov (COL) for Fighting (Major) at 10:51, Filip Chytil (NYR) for Fighting (Major) at 10:51, Mark Giordano (NYR) for Roughing (Minor) at 18:01
Goalie Stats
Igor Shesterkin (NYR), 34 saves from 36 shots - (0.944), W, 13-5-2, 60:00 minutes
Andrei Vasilevskiy (COL), 28 saves from 33 shots - (0.848), L, 4-4-2, 60:00 minutes
Players Stats for New York Rangers
Player Name G A P +/- PIM S H SB GA TA FO MP PP MP PK MP
------------------------------------------------------------------------------------
Adam Larsson 1 0 1 -1 0 3 2 2 1 0 0/0 23:49 2:45 3:39
Artemi Panarin 0 0 0 0 0 4 1 0 4 0 1/1 14:38 1:41 0:00
Cam Fowler 0 0 0 0 0 0 0 2 2 1 0/0 17:41 0:00 0:36
Cole Caufield 0 1 1 0 0 4 0 0 1 0 0/2 16:57 1:48 0:00
Conor Garland 0 1 1 2 0 1 1 0 0 0 0/0 12:13 0:00 0:00
David Kampf 1 0 1 -1 0 2 0 0 2 0 5/8 11:14 0:00 2:54
Dmitry Kulikov 0 0 0 0 0 0 3 1 0 0 0/0 20:24 0:00 2:57
Eric Robinson 0 0 0 -1 0 3 1 1 2 0 0/0 13:03 0:00 2:58
Filip Chytil 0 1 1 2 5 1 0 0 1 0 4/11 11:07 0:44 0:00
Gabriel Landeskog 3 0 3 2 2 5 1 1 0 0 1/2 14:29 1:48 0:00
Jake McCabe 0 1 1 2 0 1 2 0 0 0 0/0 16:18 0:00 0:35
Mark Giordano 0 1 1 -1 2 1 0 0 0 4 0/0 19:48 0:44 1:59
Mathew Barzal 0 2 2 0 0 3 0 1 0 0 0/1 19:12 2:45 0:58
Matthew Benning 0 0 0 2 0 1 0 1 0 0 0/0 18:18 0:00 2:06
Mikael Granlund 0 0 0 0 0 0 4 0 0 0 2/5 18:29 1:48 2:04
Nathan MacKinnon 0 0 0 0 0 0 3 3 2 0 8/20 18:33 1:41 0:00
Pierre-Luc Dubois 0 1 1 0 2 4 1 0 1 0 7/10 16:33 1:41 0:04
Tyler Motte 0 0 0 -1 0 0 3 0 0 0 0/0 11:14 0:00 2:54
Players Stats for Colorado Rockies
Player Name G A P +/- PIM S H SB GA TA FO MP PP MP PK MP
------------------------------------------------------------------------------------
Andrew Peeke 0 0 0 1 0 1 0 1 0 2 0/0 23:02 3:15 1:49
David Pastrnak 1 0 1 1 0 6 2 0 0 1 1/1 15:41 2:50 0:00
Evgeny Kuznetsov 0 0 0 -2 2 1 1 1 0 0 3/9 12:26 0:00 0:23
Jesper Bratt 0 0 0 1 0 3 0 0 0 0 0/0 17:26 3:06 0:00
Kevin Hayes 0 0 0 -2 0 2 4 0 0 1 0/0 12:04 0:00 0:00
Kyle Connor 0 1 1 1 0 3 0 0 1 0 0/1 17:21 2:50 0:00
Kyle Palmieri 0 0 0 -1 0 1 1 1 0 0 1/1 9:35 0:00 0:00
Martin Fehervary 0 0 0 0 0 2 0 0 1 1 0/0 12:59 0:38 0:00
Michael Bunting 0 0 0 -1 0 1 2 0 0 0 0/0 9:50 0:00 0:00
Nick Bonino 0 0 0 -1 0 1 0 0 0 1 2/4 11:13 0:00 1:33
Nick Schmaltz 0 0 0 -2 0 2 2 1 1 0 0/0 18:10 3:06 1:56
Nikita Kucherov 0 0 0 1 0 4 3 0 0 0 1/1 17:44 3:08 0:00
Nikita Zadorov 0 0 0 1 7 0 0 1 0 1 0/0 15:22 0:00 0:46
Quinn Hughes 0 0 0 -2 0 0 2 0 1 5 0/0 25:34 2:26 1:49
Ryan O'Reilly 0 1 1 1 0 3 0 0 1 2 15/25 19:22 3:06 1:56
Tim Stutzle 1 0 1 1 2 5 0 0 0 0 9/18 18:45 2:50 1:10
Victor Hedman 0 1 1 -2 0 1 0 1 0 2 0/0 26:29 2:25 1:40
Vince Dunn 0 0 0 0 0 0 0 1 0 0 0/0 13:24 0:00 0:54
3 Stars
1 - Gabriel Landeskog (NYR)
2 - Igor Shesterkin (NYR)
3 - Jake McCabe (NYR)
Power Play
New York Rangers - 2 on 3 Attempt(s) - 66.67%
Colorado Rockies - 0 on 3 Attempt(s) - 0.00%
Penalty Kill
New York Rangers - 3 on 3 Attempt(s) - 100.00%
- Score 0 goal in Penalty Kill
Colorado Rockies - 1 on 3 Attempt(s) - 33.33%
- Score 0 goal in Penalty Kill
Team Stat
New York Rangers - Hits : 22 - Faceoff Wins : 28 - Blocked Shots : 12 - Penalty Minutes : 11
Colorado Rockies - Hits : 17 - Faceoff Wins : 32 - Blocked Shots : 7 - Penalty Minutes : 11
Official
Referees : Ghislain Hebert and Tom Kowal
Linesman : Matt MacPherson and Steve Barton
Game Notes
Gabriel Landeskog has scored a Hat Trick!
Nikita Zadorov beats up Filip Chytil at 10:51 of 3rd period
Finance
Level 1 -- Attendance: 5726 (95.43%) -- Ticket Income $515,340
Level 2 -- Attendance: 4887 (97.74%) -- Ticket Income $268,785
Level 3 -- Attendance: 2102 (70.07%) -- Ticket Income $73,570
Level 4 -- Attendance: 3500 (70.00%) -- Ticket Income $87,500
Luxury Box -- Attendance: 881 (88.10%) -- Ticket Income $154,175
Game was played at the Pepsi Center.
Total Attendance: 17096 (85.48%)
Total Ticket Income: $1,099,370
Other Income: $384,780
Total Income: $1,484,150
New York Rangers
5 vs 5 Forward
Center Left Wing Right Wing Time % Phy DF OF
1 Nathan MacKinnon Cole Caufield Mathew Barzal 35 0 1 4
2 Pierre-Luc Dubois Artemi Panarin Mikael Granlund 30 1 1 3
3 Filip Chytil Conor Garland Gabriel Landeskog 23 1 2 2
4 David Kampf Eric Robinson Tyler Motte 12 1 3 1
5 vs 5 Defense
Defense Defense Time % Phy DF OF
1 Cam Fowler Dmitry Kulikov 35 1 2 2
2 Adam Larsson Mark Giordano 33 1 2 2
3 Matthew Benning Jake McCabe 32 1 2 2
4 Cam Fowler Adam Larsson 0 1 2 2
PowerPlay Forward
Center Left Wing Right Wing Time % Phy DF OF
1 Pierre-Luc Dubois Nathan MacKinnon Artemi Panarin 50 0 1 4
2 Mikael Granlund Gabriel Landeskog Cole Caufield 50 0 1 4
PowerPlay Defense
Defense Defense Time % Phy DF OF
1 Mathew Barzal Adam Larsson 60 1 1 3
2 Filip Chytil Mark Giordano 40 1 1 3
Penalty Kill 4 Players Forward
Center Wing Time % Phy DF OF
1 David Kampf Tyler Motte 50 1 3 1
2 Mikael Granlund Eric Robinson 50 1 3 1
Penalty Kill 4 Players Defense
Defense Defense Time % Phy DF OF
1 Matthew Benning Dmitry Kulikov 50 1 3 1
2 Adam Larsson Mark Giordano 50 1 3 1
Penalty Kill - 3 Players Forward
Forward Time % Phy DF OF
1 Mikael Granlund 50 1 2 2
2 David Kampf 50 1 2 2
Penalty Kill - 3 Players Defense
Defense Defense Time % Phy DF OF
1 Matthew Benning Dmitry Kulikov 50 1 3 1
2 Adam Larsson Mark Giordano 50 1 3 1
4 vs 4 Forward
Center Wing Time % Phy DF OF
1 Nathan MacKinnon Artemi Panarin 50 0 2 3
2 Pierre-Luc Dubois Cole Caufield 50 0 2 3
4 vs 4 Defense
Defense Defense Time % Phy DF OF
1 Cam Fowler Adam Larsson 50 1 2 2
2 Dmitry Kulikov Mark Giordano 50 1 2 2
Last Minutes Offensive
Center Left Wing Right Wing Defense Defense
Nathan MacKinnon Artemi Panarin Pierre-Luc Dubois Cam Fowler Adam Larsson
Last Minutes Defensive
Center Left Wing Right Wing Defense Defense
David Kampf Tyler Motte Mikael Granlund Dmitry Kulikov Adam Larsson
Goaltenders
Starting : Igor Shesterkin
Backup : Tristan Jarry
Extra Forwards
Normal : Nathan MacKinnon, Pierre-Luc Dubois, Gabriel Landeskog - PP : Gabriel Landeskog, Cole Caufield - PK : David Kampf
Extra Defensemen
Normal : Matthew Benning, Jake McCabe, Dmitry Kulikov - PP : Matthew Benning - PK : Jake McCabe, Dmitry Kulikov
Penalty Shots
Artemi Panarin, Cole Caufield, Pierre-Luc Dubois, Mark Giordano, Nathan MacKinnon
Colorado Rockies
5 vs 5 Forward
Center Left Wing Right Wing Time % Phy DF OF
1 Tim Stutzle Kyle Connor Nikita Kucherov 30 1 2 2
2 Ryan O'Reilly Jesper Bratt David Pastrnak 30 1 2 2
3 Evgeny Kuznetsov Nick Schmaltz Kevin Hayes 25 1 2 2
4 Nick Bonino Michael Bunting Kyle Palmieri 15 1 2 2
5 vs 5 Defense
Defense Defense Time % Phy DF OF
1 Victor Hedman Quinn Hughes 42 1 2 2
2 Nikita Zadorov Andrew Peeke 36 1 2 2
3 Martin Fehervary Vince Dunn 22 1 2 2
4 Victor Hedman Quinn Hughes 0 1 2 2
PowerPlay Forward
Center Left Wing Right Wing Time % Phy DF OF
1 Tim Stutzle Kyle Connor David Pastrnak 50 1 2 2
2 Ryan O'Reilly Jesper Bratt Nick Schmaltz 50 1 2 2
PowerPlay Defense
Defense Defense Time % Phy DF OF
1 Nikita Kucherov Quinn Hughes 50 1 2 2
2 Victor Hedman Andrew Peeke 50 1 2 2
Penalty Kill 4 Players Forward
Center Wing Time % Phy DF OF
1 Ryan O'Reilly Nick Schmaltz 50 1 2 2
2 Nick Bonino Tim Stutzle 50 1 2 2
Penalty Kill 4 Players Defense
Defense Defense Time % Phy DF OF
1 Quinn Hughes Andrew Peeke 50 1 2 2
2 Victor Hedman Nikita Zadorov 50 1 2 2
Penalty Kill - 3 Players Forward
Forward Time % Phy DF OF
1 Ryan O'Reilly 50 1 2 2
2 Nick Bonino 50 1 2 2
Penalty Kill - 3 Players Defense
Defense Defense Time % Phy DF OF
1 Andrew Peeke Victor Hedman 50 1 2 2
2 Quinn Hughes Nikita Zadorov 50 1 2 2
4 vs 4 Forward
Center Wing Time % Phy DF OF
1 Tim Stutzle Nikita Kucherov 50 1 2 2
2 Ryan O'Reilly David Pastrnak 50 1 2 2
4 vs 4 Defense
Defense Defense Time % Phy DF OF
1 Victor Hedman Quinn Hughes 50 1 2 2
2 Nikita Zadorov Andrew Peeke 50 1 2 2
Last Minutes Offensive
Center Left Wing Right Wing Defense Defense
Ryan O'Reilly Kyle Connor Nikita Kucherov Victor Hedman Quinn Hughes
Last Minutes Defensive
Center Left Wing Right Wing Defense Defense
Ryan O'Reilly Kyle Connor Nikita Kucherov Victor Hedman Quinn Hughes
Goaltenders
Starting : Andrei Vasilevskiy
Backup : Joey Daccord
Extra Forwards
Normal : Michael Bunting, Nick Schmaltz, Evgeny Kuznetsov - PP : Michael Bunting, Nick Schmaltz - PK : Evgeny Kuznetsov
Extra Defensemen
Normal : Victor Hedman, Nikita Zadorov, Vince Dunn - PP : Victor Hedman - PK : Nikita Zadorov, Vince Dunn
Penalty Shots
Evgeny Kuznetsov, Michael Bunting, Nikita Kucherov, Tim Stutzle, Nick Bonino
% Time on Ice - New York Rangers
Lines # - Real PCT - Wanted PCT - Time Play
Normal Forward
1 - 30% - 35% - 15:13
2 - 29% - 30% - 14:49
3 - 24% - 23% - 12:13
4 - 16% - 12% - 8:20
Normal Defense
1 - 35% - 35% - 17:39
2 - 34% - 33% - 17:06
3 - 31% - 32% - 15:43
4 - 0% - 0% - 0:07
PP Forward
1 - 48% - 50% - 1:41
2 - 52% - 50% - 1:48
PP Defense
1 - 79% - 60% - 2:45
2 - 21% - 40% - 0:44
PK Forward
1 - 50% - 50% - 2:58
2 - 50% - 50% - 2:58
PK Defense
1 - 50% - 50% - 2:57
2 - 50% - 50% - 2:59
PK3 Forward
1 - 0% - 50%
2 - 0% - 50%
PK3 Defense
1 - 0% - 50%
2 - 0% - 50%
44 Forward
1 - 0% - 50%
2 - 0% - 50%
44 Defense
1 - 0% - 50%
2 - 0% - 50%
Last Minute Offensive - 0:00
Last Minute Defensive - 0:00
Total
Forward - 60:00
Defense - 60:00
|
% Time on Ice - Colorado Rockies
Lines # - Real PCT - Wanted PCT - Time Play
Normal Forward
1 - 29% - 30% - 14:31
2 - 29% - 30% - 14:25
3 - 24% - 25% - 12:04
4 - 19% - 15% - 9:35
Normal Defense
1 - 41% - 42% - 20:42
2 - 35% - 36% - 17:32
3 - 24% - 22% - 12:21
4 - 0% - 0% - 0:00
PP Forward
1 - 48% - 50% - 2:50
2 - 52% - 50% - 3:06
PP Defense
1 - 53% - 50% - 3:08
2 - 47% - 50% - 2:48
PK Forward
1 - 56% - 50% - 1:56
2 - 44% - 50% - 1:33
PK Defense
1 - 52% - 50% - 1:49
2 - 48% - 50% - 1:40
PK3 Forward
1 - 0% - 50%
2 - 0% - 50%
PK3 Defense
1 - 0% - 50%
2 - 0% - 50%
44 Forward
1 - 0% - 50%
2 - 0% - 50%
44 Defense
1 - 0% - 50%
2 - 0% - 50%
Last Minute Offensive - 0:00
Last Minute Defensive - 0:00
Total
Forward - 60:00
Defense - 60:00
|
Play-by-Play
1st period
0:01 of 1st period - Tim Stutzle wins face-off versus Nathan MacKinnon in neutral zone.
0:39 of 1st period - Slapshot by Ryan O'Reilly.
0:39 of 1st period - Shot Misses the Net.
1:33 of 1st period - Nikita Kucherov is hit by Adam Larsson and loses puck.
1:54 of 1st period - Wrist shot by David Pastrnak.
1:54 of 1st period - Stopped by Igor Shesterkin with a rebound.
1:56 of 1st period - Slapshot by Jesper Bratt.
1:56 of 1st period - Shot Misses the Net.
1:58 of 1st period - Slapshot by Quinn Hughes.
1:58 of 1st period - Shot Blocked by Adam Larsson.
2:00 of 1st period - Slapshot by Victor Hedman.
2:00 of 1st period - Deflect By Pierre-Luc Dubois.
2:00 of 1st period - Stopped by Igor Shesterkin without a rebound.
2:01 of 1st period - Filip Chytil wins face-off versus Evgeny Kuznetsov in New York Rangers zone.
2:01 of 1st period - Filip Chytil is hit by Evgeny Kuznetsov.
2:07 of 1st period - Snap shot by Gabriel Landeskog.
2:07 of 1st period - Goal by Gabriel Landeskog - New York Rangers : 1 - Colorado Rockies : 0.
2:08 of 1st period - Pierre-Luc Dubois wins face-off versus Ryan O'Reilly in neutral zone.
2:13 of 1st period - David Pastrnak is hit by Jake McCabe and loses puck.
2:18 of 1st period - Snap shot by Artemi Panarin.
2:18 of 1st period - Stopped by Andrei Vasilevskiy without a rebound.
2:19 of 1st period - Evgeny Kuznetsov wins face-off versus Nathan MacKinnon in Colorado Rockies zone.
2:26 of 1st period - Wrist shot by Kevin Hayes.
2:26 of 1st period - Shot Misses the Net.
2:28 of 1st period - Backhand shot by Evgeny Kuznetsov.
2:28 of 1st period - Shot Misses the Net.
2:46 of 1st period - Filip Chytil is hit by Kyle Palmieri.
2:54 of 1st period - Snap shot by Nick Bonino.
2:54 of 1st period - Stopped by Igor Shesterkin with a rebound.
2:56 of 1st period - Wrist shot by Kyle Palmieri.
2:56 of 1st period - Shot Misses the Net.
3:06 of 1st period - Tim Stutzle is hit by Artemi Panarin and loses puck.
4:03 of 1st period - Slapshot by Cole Caufield.
4:03 of 1st period - Stopped by Andrei Vasilevskiy with a rebound.
4:05 of 1st period - Slapshot by Cole Caufield.
4:05 of 1st period - Stopped by Andrei Vasilevskiy with a rebound.
4:07 of 1st period - Wrist shot by Mathew Barzal.
4:07 of 1st period - Stopped by Andrei Vasilevskiy with a rebound.
4:09 of 1st period - Wrist shot by Adam Larsson.
4:09 of 1st period - Deflect By Nick Schmaltz.
4:09 of 1st period - Stopped by Andrei Vasilevskiy with a rebound.
4:27 of 1st period - Wrist shot by Michael Bunting.
4:27 of 1st period - Shot Blocked by Gabriel Landeskog.
4:29 of 1st period - Backhand shot by Michael Bunting.
4:29 of 1st period - Stopped by Igor Shesterkin with a rebound.
4:31 of 1st period - Slapshot by Andrew Peeke.
4:31 of 1st period - Shot Misses the Net.
5:09 of 1st period - Martin Fehervary is hit by Tyler Motte and loses puck.
5:48 of 1st period - Quinn Hughes is hit by Adam Larsson and loses puck.
6:01 of 1st period - Nick Bonino is hit by Tyler Motte and loses puck.
6:06 of 1st period - Slapshot by Eric Robinson.
6:06 of 1st period - Stopped by Andrei Vasilevskiy without a rebound.
6:07 of 1st period - Ryan O'Reilly wins face-off versus David Kampf in Colorado Rockies zone.
6:28 of 1st period - Ryan O'Reilly is hit by Tyler Motte and loses puck.
6:43 of 1st period - Snap shot by Tyler Motte.
6:43 of 1st period - Deflect By Eric Robinson.
6:43 of 1st period - Stopped by Andrei Vasilevskiy with a rebound.
7:35 of 1st period - Wrist shot by David Pastrnak.
7:35 of 1st period - Goal by David Pastrnak - New York Rangers : 1 - Colorado Rockies : 1.
7:36 of 1st period - Tim Stutzle wins face-off versus Nathan MacKinnon in neutral zone.
7:43 of 1st period - Backhand shot by Nikita Kucherov.
7:43 of 1st period - Shot Blocked by Nathan MacKinnon.
8:15 of 1st period - Snap shot by Artemi Panarin.
8:15 of 1st period - Stopped by Andrei Vasilevskiy with a rebound.
8:31 of 1st period - Wrist shot by Gabriel Landeskog.
8:31 of 1st period - Goal by Gabriel Landeskog - New York Rangers : 2 - Colorado Rockies : 1.
8:32 of 1st period - Tim Stutzle wins face-off versus Nathan MacKinnon in neutral zone.
8:48 of 1st period - Wrist shot by Kyle Connor.
8:48 of 1st period - Stopped by Igor Shesterkin with a rebound.
10:00 of 1st period - Tim Stutzle is hit by Dmitry Kulikov and loses puck.
10:21 of 1st period - Mark Giordano is hit by Nick Schmaltz and loses puck.
10:42 of 1st period - Jesper Bratt is hit by Conor Garland.
11:02 of 1st period - Nick Bonino is hit by Pierre-Luc Dubois.
11:09 of 1st period - Icing by Dmitry Kulikov.
11:10 of 1st period - Pierre-Luc Dubois wins face-off versus Tim Stutzle in New York Rangers zone.
11:18 of 1st period - Minor Penalty to Tim Stutzle for High sticking.
11:19 of 1st period - Ryan O'Reilly wins face-off versus Pierre-Luc Dubois in Colorado Rockies zone.
11:24 of 1st period - Slapshot by Ryan O'Reilly.
11:24 of 1st period - Stopped by Igor Shesterkin without a rebound.
11:25 of 1st period - Pierre-Luc Dubois wins face-off versus Ryan O'Reilly in New York Rangers zone.
11:56 of 1st period - Wrist shot by Pierre-Luc Dubois.
11:56 of 1st period - Stopped by Andrei Vasilevskiy with a rebound.
11:58 of 1st period - Wrist shot by Mathew Barzal.
11:58 of 1st period - Shot Misses the Net.
12:00 of 1st period - Slapshot by Adam Larsson.
12:00 of 1st period - Shot Blocked by Evgeny Kuznetsov.
12:02 of 1st period - Slapshot by Adam Larsson.
12:02 of 1st period - Goal by Adam Larsson - New York Rangers : 3 - Colorado Rockies : 1.
12:03 of 1st period - Tim Stutzle wins face-off versus Filip Chytil in neutral zone.
12:30 of 1st period - Nathan MacKinnon is hit by Quinn Hughes and loses puck.
15:28 of 1st period - Evgeny Kuznetsov is hit by Gabriel Landeskog and loses puck.
15:58 of 1st period - Snap shot by David Kampf.
15:58 of 1st period - Shot Misses the Net.
16:00 of 1st period - Wrist shot by Eric Robinson.
16:00 of 1st period - Stopped by Andrei Vasilevskiy with a rebound.
16:47 of 1st period - Icing by Nick Bonino.
16:48 of 1st period - David Kampf wins face-off versus Nick Bonino in Colorado Rockies zone.
16:59 of 1st period - Slapshot by Artemi Panarin.
16:59 of 1st period - Shot Blocked by Victor Hedman.
18:05 of 1st period - Pierre-Luc Dubois is hit by Michael Bunting and loses puck.
18:23 of 1st period - Minor Penalty to Pierre-Luc Dubois for Roughing.
18:24 of 1st period - David Kampf wins face-off versus Tim Stutzle in New York Rangers zone.
18:32 of 1st period - Wrist shot by Tim Stutzle.
18:32 of 1st period - Shot Blocked by Adam Larsson.
18:34 of 1st period - Snap shot by Andrew Peeke.
18:34 of 1st period - Shot Misses the Net.
18:38 of 1st period - Wrist shot by Tim Stutzle.
18:38 of 1st period - Stopped by Igor Shesterkin with a rebound.
18:40 of 1st period - Slapshot by Andrew Peeke.
18:40 of 1st period - Stopped by Igor Shesterkin with a rebound.
18:50 of 1st period - Adam Larsson is hit by Nick Schmaltz and loses puck.
19:21 of 1st period - Nick Schmaltz is hit by Eric Robinson.
Goals for this period are 3 for New York Rangers vs 1 for Colorado Rockies.
Shots for this period are 13 for New York Rangers vs 9 for Colorado Rockies.
2nd period
0:01 of 2nd period - David Kampf wins face-off versus Ryan O'Reilly in neutral zone.
0:23 of 2nd period - Penalty to Pierre-Luc Dubois is over, Pierre-Luc Dubois is back on ice.
1:30 of 2nd period - Snap shot by Jesper Bratt.
1:30 of 2nd period - Shot Blocked by Eric Robinson.
1:49 of 2nd period - Off-side.
1:50 of 2nd period - Nathan MacKinnon wins face-off versus Tim Stutzle in neutral zone.
2:05 of 2nd period - Off-side.
2:06 of 2nd period - Filip Chytil wins face-off versus Kyle Connor in neutral zone.
2:33 of 2nd period - Nick Bonino is hit by Nathan MacKinnon and loses puck.
4:21 of 2nd period - Icing by Adam Larsson.
4:22 of 2nd period - Tim Stutzle wins face-off versus Cole Caufield in New York Rangers zone.
4:27 of 2nd period - Snap shot by Nikita Kucherov.
4:27 of 2nd period - Stopped by Igor Shesterkin with a rebound.
4:42 of 2nd period - Off-side.
4:43 of 2nd period - Ryan O'Reilly wins face-off versus Filip Chytil in neutral zone.
4:48 of 2nd period - Snap shot by Ryan O'Reilly.
4:48 of 2nd period - Shot Misses the Net.
4:50 of 2nd period - Slapshot by Nikita Zadorov.
4:50 of 2nd period - Shot Misses the Net.
4:52 of 2nd period - Wrist shot by David Pastrnak.
4:52 of 2nd period - Shot Misses the Net.
4:54 of 2nd period - Slapshot by Nikita Zadorov.
4:54 of 2nd period - Shot Misses the Net.
4:56 of 2nd period - Slapshot by David Pastrnak.
4:56 of 2nd period - Stopped by Igor Shesterkin with a rebound.
4:58 of 2nd period - Slapshot by Nikita Zadorov.
4:58 of 2nd period - Shot Misses the Net.
5:08 of 2nd period - Cam Fowler is hit by Kevin Hayes.
5:11 of 2nd period - Off-side.
5:12 of 2nd period - Nathan MacKinnon wins face-off versus Evgeny Kuznetsov in neutral zone.
5:19 of 2nd period - Slapshot by Mathew Barzal.
5:19 of 2nd period - Shot Misses the Net.
5:21 of 2nd period - Minor Penalty to Evgeny Kuznetsov for Hooking.
5:22 of 2nd period - Mikael Granlund wins face-off versus Ryan O'Reilly in Colorado Rockies zone.
5:29 of 2nd period - Wrist shot by Cole Caufield.
5:29 of 2nd period - Deflect By Gabriel Landeskog.
5:29 of 2nd period - Shot Blocked by Nick Schmaltz.
5:29 of 2nd period - Puck is out of play.
5:30 of 2nd period - Ryan O'Reilly wins face-off versus Cole Caufield in Colorado Rockies zone.
6:01 of 2nd period - Slapshot by Mathew Barzal.
6:01 of 2nd period - Stopped by Andrei Vasilevskiy with a rebound.
6:03 of 2nd period - Slapshot by Cole Caufield.
6:03 of 2nd period - Stopped by Andrei Vasilevskiy with a rebound.
6:05 of 2nd period - Wrist shot by Gabriel Landeskog.
6:05 of 2nd period - Shot Blocked by Nikita Zadorov.
6:07 of 2nd period - Slapshot by Gabriel Landeskog.
6:07 of 2nd period - Goal by Gabriel Landeskog - New York Rangers : 4 - Colorado Rockies : 1.
6:08 of 2nd period - Nathan MacKinnon wins face-off versus Tim Stutzle in neutral zone.
6:18 of 2nd period - Icing by Quinn Hughes.
6:19 of 2nd period - Tim Stutzle wins face-off versus Nathan MacKinnon in Colorado Rockies zone.
6:30 of 2nd period - Cole Caufield is hit by Nikita Kucherov and loses puck.
6:45 of 2nd period - Kevin Hayes is hit by Dmitry Kulikov and loses puck.
6:54 of 2nd period - Slapshot by Quinn Hughes.
6:54 of 2nd period - Shot Misses the Net.
6:56 of 2nd period - Slapshot by Nick Schmaltz.
6:56 of 2nd period - Shot Blocked by Dmitry Kulikov.
7:51 of 2nd period - Wrist shot by Tim Stutzle.
7:51 of 2nd period - Stopped by Igor Shesterkin without a rebound.
7:52 of 2nd period - Nathan MacKinnon wins face-off versus Evgeny Kuznetsov in New York Rangers zone.
8:33 of 2nd period - Slapshot by Pierre-Luc Dubois.
8:33 of 2nd period - Stopped by Andrei Vasilevskiy with a rebound.
8:53 of 2nd period - Snap shot by Nikita Kucherov.
8:53 of 2nd period - Stopped by Igor Shesterkin without a rebound.
8:54 of 2nd period - Evgeny Kuznetsov wins face-off versus Nathan MacKinnon in New York Rangers zone.
8:55 of 2nd period - Snap shot by Nick Schmaltz.
8:55 of 2nd period - Stopped by Igor Shesterkin with a rebound.
9:09 of 2nd period - Snap shot by Nick Schmaltz.
9:09 of 2nd period - Shot Misses the Net.
9:11 of 2nd period - Snap shot by Kevin Hayes.
9:11 of 2nd period - Deflect By Evgeny Kuznetsov.
9:11 of 2nd period - Stopped by Igor Shesterkin with a rebound.
9:21 of 2nd period - Matthew Benning is hit by Michael Bunting and loses puck.
9:28 of 2nd period - Snap shot by Kyle Palmieri.
9:28 of 2nd period - Shot Misses the Net.
9:30 of 2nd period - Slapshot by Nick Bonino.
9:30 of 2nd period - Shot Misses the Net.
9:32 of 2nd period - Wrist shot by Martin Fehervary.
9:32 of 2nd period - Shot Blocked by Mathew Barzal.
9:34 of 2nd period - Slapshot by Martin Fehervary.
9:34 of 2nd period - Stopped by Igor Shesterkin with a rebound.
9:52 of 2nd period - Wrist shot by Filip Chytil.
9:52 of 2nd period - Shot Blocked by Vince Dunn.
9:54 of 2nd period - Snap shot by Jake McCabe.
9:54 of 2nd period - Stopped by Andrei Vasilevskiy without a rebound.
9:55 of 2nd period - Pierre-Luc Dubois wins face-off versus Tim Stutzle in Colorado Rockies zone.
9:58 of 2nd period - Slapshot by Pierre-Luc Dubois.
9:58 of 2nd period - Stopped by Andrei Vasilevskiy without a rebound.
9:59 of 2nd period - Artemi Panarin wins face-off versus Tim Stutzle in Colorado Rockies zone.
10:25 of 2nd period - Icing by Adam Larsson.
10:26 of 2nd period - Pierre-Luc Dubois wins face-off versus Evgeny Kuznetsov in New York Rangers zone.
11:02 of 2nd period - Wrist shot by Kevin Hayes.
11:02 of 2nd period - Stopped by Igor Shesterkin with a rebound.
11:04 of 2nd period - Slapshot by Nikita Zadorov.
11:04 of 2nd period - Shot Blocked by Cam Fowler.
11:06 of 2nd period - Slapshot by Nikita Zadorov.
11:06 of 2nd period - Deflect By Kevin Hayes.
11:06 of 2nd period - Shot Misses the Net.
11:06 of 2nd period - Puck is out of play.
11:07 of 2nd period - Tim Stutzle wins face-off versus Filip Chytil in New York Rangers zone.
11:10 of 2nd period - Slapshot by Nikita Kucherov.
11:10 of 2nd period - Stopped by Igor Shesterkin without a rebound.
11:11 of 2nd period - Ryan O'Reilly wins face-off versus Filip Chytil in New York Rangers zone.
11:18 of 2nd period - Slapshot by David Pastrnak.
11:18 of 2nd period - Stopped by Igor Shesterkin with a rebound.
11:20 of 2nd period - Minor Penalty to Gabriel Landeskog for Tripping.
11:21 of 2nd period - Tim Stutzle wins face-off versus David Kampf in New York Rangers zone.
11:24 of 2nd period - Slapshot by Tim Stutzle.
11:24 of 2nd period - Stopped by Igor Shesterkin without a rebound.
11:25 of 2nd period - David Kampf wins face-off versus Tim Stutzle in New York Rangers zone.
11:36 of 2nd period - Mikael Granlund is hit by Quinn Hughes and loses puck.
13:18 of 2nd period - Nick Schmaltz is hit by Mikael Granlund.
13:20 of 2nd period - Penalty to Gabriel Landeskog is over, Gabriel Landeskog is back on ice.
13:28 of 2nd period - Wrist shot by Michael Bunting.
13:28 of 2nd period - Shot Misses the Net.
13:46 of 2nd period - Snap shot by Gabriel Landeskog.
13:46 of 2nd period - Shot Misses the Net.
13:48 of 2nd period - Wrist shot by Gabriel Landeskog.
13:48 of 2nd period - Stopped by Andrei Vasilevskiy without a rebound.
13:49 of 2nd period - Evgeny Kuznetsov wins face-off versus Nathan MacKinnon in Colorado Rockies zone.
14:02 of 2nd period - Snap shot by Nathan MacKinnon.
14:02 of 2nd period - Shot Misses the Net.
15:04 of 2nd period - Mathew Barzal is hit by Nikita Kucherov and loses puck.
15:59 of 2nd period - Wrist shot by Conor Garland.
15:59 of 2nd period - Stopped by Andrei Vasilevskiy with a rebound.
16:01 of 2nd period - Backhand shot by Dmitry Kulikov.
16:01 of 2nd period - Shot Misses the Net.
16:32 of 2nd period - Snap shot by Kyle Palmieri.
16:32 of 2nd period - Stopped by Igor Shesterkin without a rebound.
16:33 of 2nd period - Tim Stutzle wins face-off versus Filip Chytil in New York Rangers zone.
16:36 of 2nd period - Slapshot by Kyle Connor.
16:36 of 2nd period - Stopped by Igor Shesterkin without a rebound.
16:37 of 2nd period - Nikita Kucherov wins face-off versus Filip Chytil in New York Rangers zone.
16:48 of 2nd period - Wrist shot by Nikita Kucherov.
16:48 of 2nd period - Shot Misses the Net.
17:46 of 2nd period - Snap shot by Nikita Kucherov.
17:46 of 2nd period - Stopped by Igor Shesterkin without a rebound.
17:47 of 2nd period - Ryan O'Reilly wins face-off versus Gabriel Landeskog in New York Rangers zone.
17:56 of 2nd period - Snap shot by David Pastrnak.
17:56 of 2nd period - Deflect By Ryan O'Reilly.
17:56 of 2nd period - Shot Misses the Net.
17:56 of 2nd period - Puck is out of play.
17:57 of 2nd period - Ryan O'Reilly wins face-off versus Filip Chytil in New York Rangers zone.
18:04 of 2nd period - Snap shot by Ryan O'Reilly.
18:04 of 2nd period - Stopped by Igor Shesterkin without a rebound.
18:05 of 2nd period - Nathan MacKinnon wins face-off versus Ryan O'Reilly in New York Rangers zone.
18:05 of 2nd period - Nathan MacKinnon is hit by David Pastrnak.
18:52 of 2nd period - Cam Fowler is hit by Nikita Kucherov.
19:17 of 2nd period - Snap shot by David Kampf.
19:17 of 2nd period - Goal by David Kampf - New York Rangers : 5 - Colorado Rockies : 1.
19:18 of 2nd period - Nathan MacKinnon wins face-off versus Ryan O'Reilly in neutral zone.
19:29 of 2nd period - Cole Caufield is hit by David Pastrnak and loses puck.
19:45 of 2nd period - Minor Penalty to Nikita Zadorov for Tripping.
19:46 of 2nd period - Nick Bonino wins face-off versus Pierre-Luc Dubois in Colorado Rockies zone.
19:59 of 2nd period - Slapshot by Artemi Panarin.
19:59 of 2nd period - Shot Misses the Net.
Goals for this period are 2 for New York Rangers vs 0 for Colorado Rockies.
Shots for this period are 9 for New York Rangers vs 15 for Colorado Rockies.
3rd period
0:01 of 3rd period - Nick Bonino wins face-off versus Mikael Granlund in neutral zone.
0:10 of 3rd period - Wrist shot by Tim Stutzle.
0:10 of 3rd period - Stopped by Igor Shesterkin without a rebound.
0:11 of 3rd period - Mikael Granlund wins face-off versus Nick Bonino in New York Rangers zone.
1:08 of 3rd period - Slapshot by Filip Chytil.
1:08 of 3rd period - Stopped by Andrei Vasilevskiy without a rebound.
1:09 of 3rd period - Pierre-Luc Dubois wins face-off versus Ryan O'Reilly in Colorado Rockies zone.
1:12 of 3rd period - Snap shot by Artemi Panarin.
1:12 of 3rd period - Shot Misses the Net.
1:45 of 3rd period - Penalty to Nikita Zadorov is over, Nikita Zadorov is back on ice.
2:39 of 3rd period - Wrist shot by Nathan MacKinnon.
2:39 of 3rd period - Shot Misses the Net.
2:41 of 3rd period - Slapshot by Matthew Benning.
2:41 of 3rd period - Stopped by Andrei Vasilevskiy without a rebound.
2:42 of 3rd period - Kyle Palmieri wins face-off versus Mikael Granlund in Colorado Rockies zone.
2:42 of 3rd period - Kyle Palmieri is hit by Dmitry Kulikov.
2:54 of 3rd period - Snap shot by Kyle Palmieri.
2:54 of 3rd period - Shot Misses the Net.
4:00 of 3rd period - Slapshot by David Kampf.
4:00 of 3rd period - Stopped by Andrei Vasilevskiy without a rebound.
4:01 of 3rd period - Ryan O'Reilly wins face-off versus Nathan MacKinnon in Colorado Rockies zone.
5:14 of 3rd period - Slapshot by David Kampf.
5:14 of 3rd period - Shot Misses the Net.
5:16 of 3rd period - Wrist shot by Adam Larsson.
5:16 of 3rd period - Stopped by Andrei Vasilevskiy with a rebound.
5:18 of 3rd period - Wrist shot by David Kampf.
5:18 of 3rd period - Shot Blocked by Kyle Palmieri.
5:40 of 3rd period - Slapshot by David Pastrnak.
5:40 of 3rd period - Stopped by Igor Shesterkin with a rebound.
6:26 of 3rd period - Snap shot by Kevin Hayes.
6:26 of 3rd period - Stopped by Igor Shesterkin without a rebound.
6:27 of 3rd period - Ryan O'Reilly wins face-off versus Nathan MacKinnon in New York Rangers zone.
6:36 of 3rd period - Snap shot by Jesper Bratt.
6:36 of 3rd period - Deflect By Mathew Barzal.
6:36 of 3rd period - Stopped by Igor Shesterkin with a rebound.
6:38 of 3rd period - Slapshot by Jesper Bratt.
6:38 of 3rd period - Stopped by Igor Shesterkin with a rebound.
6:40 of 3rd period - Wrist shot by Ryan O'Reilly.
6:40 of 3rd period - Shot Misses the Net.
6:42 of 3rd period - Slapshot by Martin Fehervary.
6:42 of 3rd period - Shot Blocked by Nathan MacKinnon.
6:44 of 3rd period - Snap shot by David Pastrnak.
6:44 of 3rd period - Shot Blocked by Nathan MacKinnon.
6:54 of 3rd period - Tim Stutzle is hit by Mikael Granlund and loses puck.
7:27 of 3rd period - Wrist shot by Nick Schmaltz.
7:27 of 3rd period - Stopped by Igor Shesterkin with a rebound.
7:43 of 3rd period - Wrist shot by David Kampf.
7:43 of 3rd period - Shot Misses the Net.
8:06 of 3rd period - Slapshot by Mathew Barzal.
8:06 of 3rd period - Shot Misses the Net.
8:08 of 3rd period - Snap shot by Cole Caufield.
8:08 of 3rd period - Stopped by Andrei Vasilevskiy with a rebound.
8:10 of 3rd period - Snap shot by Mark Giordano.
8:10 of 3rd period - Stopped by Andrei Vasilevskiy without a rebound.
8:11 of 3rd period - Pierre-Luc Dubois wins face-off versus Tim Stutzle in Colorado Rockies zone.
8:40 of 3rd period - Slapshot by Jesper Bratt.
8:40 of 3rd period - Stopped by Igor Shesterkin with a rebound.
8:42 of 3rd period - Snap shot by David Pastrnak.
8:42 of 3rd period - Stopped by Igor Shesterkin without a rebound.
8:43 of 3rd period - Ryan O'Reilly wins face-off versus Nathan MacKinnon in New York Rangers zone.
8:50 of 3rd period - Snap shot by Ryan O'Reilly.
8:50 of 3rd period - Stopped by Igor Shesterkin without a rebound.
8:51 of 3rd period - Nathan MacKinnon wins face-off versus Ryan O'Reilly in New York Rangers zone.
9:44 of 3rd period - Snap shot by Gabriel Landeskog.
9:44 of 3rd period - Stopped by Andrei Vasilevskiy without a rebound.
9:45 of 3rd period - Filip Chytil wins face-off versus Ryan O'Reilly in Colorado Rockies zone.
10:24 of 3rd period - Snap shot by Mathew Barzal.
10:24 of 3rd period - Shot Misses the Net.
10:44 of 3rd period - Slapshot by Cam Fowler.
10:44 of 3rd period - Deflect By Artemi Panarin.
10:44 of 3rd period - Stopped by Andrei Vasilevskiy without a rebound.
10:45 of 3rd period - Gabriel Landeskog wins face-off versus Ryan O'Reilly in Colorado Rockies zone.
10:51 of 3rd period - Nikita Zadorov beats up Filip Chytil.
10:51 of 3rd period - Penalty to Nikita Zadorov for Fighting.
10:51 of 3rd period - Penalty to Filip Chytil for Fighting.
10:52 of 3rd period - David Pastrnak wins face-off versus Nathan MacKinnon in Colorado Rockies zone.
10:52 of 3rd period - David Pastrnak is hit by Nathan MacKinnon.
10:55 of 3rd period - Jesper Bratt is hit by Nathan MacKinnon and loses puck.
11:04 of 3rd period - Snap shot by Nathan MacKinnon.
11:04 of 3rd period - Shot Misses the Net.
11:06 of 3rd period - Wrist shot by Cole Caufield.
11:06 of 3rd period - Shot Misses the Net.
11:27 of 3rd period - Wrist shot by Pierre-Luc Dubois.
11:27 of 3rd period - Shot Misses the Net.
11:29 of 3rd period - Slapshot by Dmitry Kulikov.
11:29 of 3rd period - Shot Blocked by Andrew Peeke.
12:07 of 3rd period - Slapshot by Nick Bonino.
12:07 of 3rd period - Shot Misses the Net.
12:09 of 3rd period - Slapshot by Martin Fehervary.
12:09 of 3rd period - Stopped by Igor Shesterkin without a rebound.
12:10 of 3rd period - Ryan O'Reilly wins face-off versus Mikael Granlund in New York Rangers zone.
12:11 of 3rd period - Snap shot by David Pastrnak.
12:11 of 3rd period - Shot Blocked by Matthew Benning.
12:25 of 3rd period - Wrist shot by Artemi Panarin.
12:25 of 3rd period - Stopped by Andrei Vasilevskiy with a rebound.
12:37 of 3rd period - Nathan MacKinnon is hit by Kevin Hayes and loses puck.
12:50 of 3rd period - Victor Hedman is hit by Jake McCabe and loses puck.
12:57 of 3rd period - Conor Garland is hit by Kevin Hayes.
13:01 of 3rd period - Jake McCabe is hit by Kevin Hayes and loses puck.
13:48 of 3rd period - Off-side.
13:49 of 3rd period - Ryan O'Reilly wins face-off versus Pierre-Luc Dubois in neutral zone.
13:54 of 3rd period - Snap shot by Ryan O'Reilly.
13:54 of 3rd period - Shot Blocked by Cam Fowler.
14:04 of 3rd period - Slapshot by Pierre-Luc Dubois.
14:04 of 3rd period - Stopped by Andrei Vasilevskiy with a rebound.
15:37 of 3rd period - Icing by Victor Hedman.
15:38 of 3rd period - Ryan O'Reilly wins face-off versus David Kampf in Colorado Rockies zone.
15:49 of 3rd period - Slapshot by Kyle Connor.
15:49 of 3rd period - Stopped by Igor Shesterkin with a rebound.
15:51 of 3rd period - Slapshot by Victor Hedman.
15:51 of 3rd period - Shot Misses the Net.
15:53 of 3rd period - Snap shot by Tim Stutzle.
15:53 of 3rd period - Goal by Tim Stutzle - New York Rangers : 5 - Colorado Rockies : 2.
15:54 of 3rd period - Ryan O'Reilly wins face-off versus Mathew Barzal in neutral zone.
15:58 of 3rd period - Icing by Cam Fowler.
15:59 of 3rd period - Ryan O'Reilly wins face-off versus Nathan MacKinnon in New York Rangers zone.
16:48 of 3rd period - Slapshot by Kevin Hayes.
16:48 of 3rd period - Deflect By Evgeny Kuznetsov.
16:48 of 3rd period - Shot Misses the Net.
16:48 of 3rd period - Puck is out of play.
16:49 of 3rd period - Filip Chytil wins face-off versus Evgeny Kuznetsov in New York Rangers zone.
16:53 of 3rd period - Off-side.
16:54 of 3rd period - Nathan MacKinnon wins face-off versus Evgeny Kuznetsov in neutral zone.
16:57 of 3rd period - Wrist shot by Mathew Barzal.
16:57 of 3rd period - Deflect By Kevin Hayes.
16:57 of 3rd period - Stopped by Andrei Vasilevskiy with a rebound.
17:29 of 3rd period - Jesper Bratt is hit by Mikael Granlund and loses puck.
18:01 of 3rd period - Minor Penalty to Mark Giordano for Roughing.
18:02 of 3rd period - David Kampf wins face-off versus Tim Stutzle in New York Rangers zone.
18:13 of 3rd period - Victor Hedman is hit by Mikael Granlund and loses puck.
Goals for this period are 0 for New York Rangers vs 1 for Colorado Rockies.
Shots for this period are 11 for New York Rangers vs 12 for Colorado Rockies.
Back to the Top